 Dungeon Crawl Stone Soup version 0.23-a0-586-gacb4b3f (webtiles) character file.

537 galech the Chopper (level 7, 53/53 HPs)
             Began as a Demonspawn Fighter on Dec 18, 2018.
             Quit the game on level 4 of the Dungeon.
             The game lasted 00:04:34 (3286 turns).

galech the Chopper (Demonspawn Fighter)             Turns: 3286, Time: 00:04:35

Health: 53/53      AC:  8    Str: 16    XL:     7   Next: 5%
Magic:  7/7        EV: 10    Int: 10    God:
Gold:   288        SH:  6    Dex: 14    Spells: 6/6 levels left

rFire    . . .     SeeInvis .   a - +0 war axe
rCold    . . .     Gourm    .   d - +1 buckler {rPois}
rNeg     . . .     Faith    .   b - +0 scale mail
rPois    +         Spirit   .   m - +0 helmet
rElec    .         Reflect  .   (no cloak)
rCorr    +         Harm     .   (no gloves)
MR       .....                  (boots unavailable)
Stlth    +.........             (no amulet)
HPRegen  0.17/turn              w - ring of resist corrosion
MPRegen  0.10/turn              (no ring)

@: no status effects
A: hooves 3, nightstalker 1, sanguine armour 1
a: no special abilities


You were on level 4 of the Dungeon.
You were not hungry.

You visited 1 branch of the dungeon, and saw 4 of its levels.

You collected 288 gold pieces.

Inventory:

Hand Weapons
 a - a +0 war axe (weapon)
Armour
 b - a +0 scale mail (worn)
 c - a +0 shield
 d - a +1 buckler of poison resistance (worn)
 m - a +0 helmet (worn)
Jewellery
 w - a ring of resist corrosion (left hand)
Wands
 x - a wand of random effects (12)
 y - a wand of iceblast (11)
Scrolls
 e - a scroll of fear {unknown}
 g - 2 scrolls of amnesia {unknown}
 i - 4 scrolls of remove curse {unknown}
 k - 11 scrolls of identify {unknown}
 l - 2 scrolls of teleportation {unknown}
 o - a scroll of fog {unknown}
 p - 2 scrolls of enchant weapon {unknown}
 u - a scroll of enchant armour {unknown}
Potions
 h - a potion of curing {unknown}
 j - a potion of cancellation {unknown}
 n - a potion of haste {unknown}
 r - 2 potions of flight {unknown}
 s - a potion of mutation {unknown}
 t - 2 potions of heal wounds {unknown}
 v - 2 potions of invisibility {unknown}
 z - a potion of agility
 A - a potion of might
Comestibles
 f - 12 rations
 q - 5 chunks of flesh


   Skills:
 + Level 3.8 Fighting
 + Level 4.6 Axes
 + Level 4.0 Armour
 + Level 1.5 Dodging
 + Level 1.0 Stealth
 + Level 4.0 Shields


You had 6 spell levels left.
You didn't know any spells.
Your spell library was empty.

Dungeon Overview and Level Annotations

Branches:
Dungeon (4/15)
 Temple: D:4-7

Altars:
Sif Muna

Shops:
D:4 [([


Innate Abilities, Weirdness & Mutations

You have hooves in place of feet.
You are slightly more attuned to the shadows.
When seriously injured, your bleeding wounds create armour. (AC +0)


Message History

You hit something.
Reactivating autopickup.
Your Stealth skill increases to level 1!
You feel a bit more experienced.
Found Latuj's Antique Armour Boutique.
Items here: )) [ †† a cursed +0 dagger; a +0 robe; a +0 club; a giant cockroach corpse x2
Items here: )) [ †† a cursed +0 dagger; a +0 robe; a +0 club; a giant cockroach corpse x2
Butcher a giant cockroach corpse? [(y)es/(n)o/(a)ll/(q)uit/?]
You butcher the giant cockroach corpse. x2
q - 3 chunks of flesh (gained 2);
q - 5 chunks of flesh (gained 2)
Things that are here:
a cursed +0 dagger; a +0 robe; a +0 club
There is an entrance to Latuj's Antique Armour Boutique here.
HP restored.
You now have 288 gold pieces (gained 17).
A - a potion of might
There is an entrance to Latuj's Antique Armour Boutique here.
Are you sure you want to abandon this character and quit the game? (Confirm

#.#####.........##...#### #
#.#.......#####........## #.
#.....#...##...........##
.##.#####.#.#.........∩......##
........#.#.#...#.......(######
........#.#.#...#........# #
..........#.#.♣.#........######
###.....#.#...#.########.....
##....##.#♣@♣#.# #.....
#............).# #.....
#.....#....♣..## #.....
#.....#.......# #.....
#.............# ######
#..............#
#..............#
#............... ..#.####...


There were no monsters in sight!

Vanquished Creatures
  Sigmund (D:3)
  A black bear (D:3)
  A gnoll shaman (D:4)
  2 orc wizards (D:4)
  An orc priest (D:4)
  Robin (D:2)
  7 gnolls (D:4)
  3 adders
  An ooze (D:2)
  2 worms
  4 leopard geckos
  4 orcs (D:4)
  A ball python (D:2)
  3 giant cockroaches
  13 goblins
  7 hobgoblins
  2 jackals (D:2)
  7 kobolds
  3 quokkas
  3 bats
  6 frilled lizards
  A quokka skeleton (D:4)
  2 rats
76 creatures vanquished.

Notes
Turn   | Place    | Note
-------+----------+-------------------------------------------
     0 | D:1      | galech the Demonspawn Fighter began the quest for the Orb.
     0 | D:1      | Reached XP level 1. HP: 18/18 MP: 1/1
     2 | D:1      | Noticed a human
     2 | D:1      | Noticed an elf
     4 | D:1      | Noticed a dwarf
     4 | D:1      | Noticed a felid
     6 | D:1      | Noticed a tengu
     6 | D:1      | Noticed a formicid
     8 | D:1      | Noticed an octopode
    10 | D:1      | Noticed a vampire
    10 | D:1      | Noticed a naga
    12 | D:1      | Noticed a halfling
    12 | D:1      | Noticed an ogre
    14 | D:1      | Noticed a vine stalker
    16 | D:1      | Noticed a demigod
    16 | D:1      | Noticed a centaur
    18 | D:1      | Noticed a demonspawn
    20 | D:1      | Noticed a draconian
    22 | D:1      | Noticed a spriggan
    22 | D:1      | Noticed a troll
    24 | D:1      | Noticed a ghoul
    24 | D:1      | Noticed a minotaur
    26 | D:1      | Noticed a merfolk
    26 | D:1      | Noticed a gargoyle
   289 | D:1      | Gained mutation: You have large cloven feet. [demonic
                  | ancestry]
   289 | D:1      | Reached XP level 2. HP: 23/24 MP: 2/2
   733 | D:2      | Found a faded altar of an unknown god.
   737 | D:2      | Noticed Robin
   808 | D:2      | Killed Robin
   808 | D:2      | Gained mutation: When seriously injured, your bleeding
                  | wounds create armour. (AC +0) [demonic ancestry]
   808 | D:2      | Reached XP level 3. HP: 19/29 MP: 3/3
  1479 | D:2      | Found a deep blue altar of Sif Muna.
  1657 | D:3      | Gained mutation: You have hoof-like feet. [demonic
                  | ancestry]
  1657 | D:3      | Reached XP level 4. HP: 18/35 MP: 4/4
  1897 | D:3      | Noticed Sigmund
  1908 | D:3      | Killed Sigmund
  1908 | D:3      | Reached XP level 5. HP: 30/41 MP: 5/5
  2210 | D:3      | Reached skill level 1 in Dodging
  2371 | D:4      | Gained mutation: You have hooves in place of feet. [demonic
                  | ancestry]
  2371 | D:4      | Reached XP level 6. HP: 47/47 MP: 6/6
  2680 | D:4      | Found Qotreino's Armour Shop.
  3222 | D:4      | Found Rayskut's Antique Weapon Shoppe.
  3244 | D:4      | Gained mutation: You are slightly more attuned to the
                  | shadows. [demonic ancestry]
  3244 | D:4      | Reached XP level 7. HP: 51/53 MP: 7/7
  3250 | D:4      | Reached skill level 1 in Stealth
  3251 | D:4      | Found Latuj's Antique Armour Boutique.
  3286 | D:4      | Quit the game

Vault maps used:
D:1:      kb_arrival_jail, minmay_misc_feat_iff, minmay_misc_feat_chi,
          nrook_campfire, serial_park_tiny_2, minmay_tetromino_t4
D:2:      lemuel_blue_sif_altar, chequers_ecumenical_altar_simple_redux,
          first_ration, uniq_robin
D:3:      uniq_sigmund
D:4:      black_bear_nest_2, serial_shops, nicolae_shop_waterfront, shop,
          nicolae_shop_stone, nicolae_shop_trees, nicolae_shop_stone

Skill      XL: |  1  2  3  4  5  6  7 |
---------------+----------------------+-----
Armour         | 3 4 |  4.0
Axes           | 2 3 4 |  4.6
Shields        | 3 4 |  4.0
Dodging        | 1 |  1.5
Stealth        | 1 |  1.0
Fighting       | |  3.8

Action                   |  1- 3 |  4- 6 |  7- 9 || total
-------------------------+-------+-------+-------++-------
Melee: War axe           |   134 |   128 |     6 ||   268
       Kick              |       |    21 |     2 ||    23
  Use: Potion            |       |     1 |       ||     1
  Eat: Chunk             |     2 |     6 |       ||     8
Armor: Scale mail        |    75 |    58 |     6 ||   139
Dodge: Dodged            |    39 |    54 |       ||    93
Block: Shield            |    75 |    56 |       ||   131
       Buckler           |       |    14 |       ||    14

Table legend:
 A = Non-vault XP
 B = Vault XP
 C = Vault XP percentage of total XP
 D = Non-vault monster count
 E = Vault monster count
 F = Vault count percentage of total count
                 A         B        C        D         E       F
            +---------+---------+-------+---------+---------+-------
      Total |     392 |     376 |  49.0 |      59 |      17 |  22.4
            +---------+---------+-------+---------+---------+-------
        D:1 |      10 |       5 |  33.3 |       7 |       3 |  30.0
        D:2 |      27 |      37 |  57.8 |      12 |      12 |  50.0
        D:3 |      53 |     334 |  86.3 |      17 |       2 |  10.5
        D:4 |     302 |       0 |   0.0 |      23 |       0 |   0.0
            +---------+---------+-------+---------+---------+-------
